 Dungeon Crawl Stone Soup version 0.31-a0-232-gb1c03b2570 (webtiles) character file.

Game seed: 8376889309276362699

6032 qw the Skirmisher (level 10, -9/91 HPs)
             Began as a Minotaur Hexslinger on July 7, 2023.
             Was a Believer of Okawaru.
             Killed from afar by a rakshasa (28 damage)
             ... with a lance of force
             ... on level 9 of the Dungeon.
             The game lasted 00:03:28 (6824 turns).

qw the Skirmisher (Minotaur Hexslinger)             Turns: 6824, Time: 00:03:28

Health: -9/91      AC: 11    Str: 18    XL:     10   Next: 56%
Magic:  11/12      EV: 17    Int: 10    God:    Okawaru [**....]
Gold:   507        SH:  0    Dex: 18    Spells: 10/11 levels left

rFire   . . .        s - +2 arbalest (freeze)
rCold   . . .        (shield currently unavailable)
rNeg    . . .        r - +0 swamp dragon scales
rPois   +            (helmet restricted)
rElec   .            (no cloak)
rCorr   .            (no gloves)
SInv    +            o - +0 pair of boots
Will    .....        i - amulet of regeneration
Stlth   ++           m - +6 ring of strength
HPRegen 1.15/turn    q - ring of see invisible
MPRegen 0.13/turn

%: no passive effects
@: heroic
A: horns 2, retaliatory headbutt
a: Renounce Religion, Heroism


You were on level 9 of the Dungeon.
You worshipped Okawaru.
Okawaru was pleased with you.
You visited 1 branch of the dungeon, and saw 9 of its levels.
You also visited: Sewer.

You collected 527 gold pieces.
You spent 20 gold pieces at shops.


Innate Abilities, Weirdness & Mutations

You have a pair of horns on your head.
You reflexively headbutt those who attack you in melee.


   Skills:
 - Level 9.0(14.0) Fighting
 - Level 13.0(18.0) Ranged Weapons
 + Level 4.1(9.1) Armour
 - Level 6.3(11.3) Dodging
 - Level 1.0 Spellcasting
 - Level 2.0 Hexes
 - Level 4.0 Invocations


You had 10 spell levels left.
You knew the following spells:

 Your Spells              Type           Power      Damage    Failure   Level
a - Slow                  Hex            16%        N/A       24%         1

Your spell library contained the following spells:

 Spells                   Type           Power      Damage    Failure   Level
 Inner Flame              Hex/Fire       2%         N/A       73%         3
 Portal Projectile        Hex/Tloc       4%         N/A       73%         3
 Cause Fear               Hex            2%         N/A       94%         4

Inventory:

Hand Weapons
 s - a +2 arbalest of freezing (weapon)
Armour
 l - a +0 cloak
 o - a +0 pair of boots (worn)
 r - +0 swamp dragon scales (worn)
Jewellery
 g - a +4 ring of slaying {mikee}
 i - an amulet of regeneration (around neck)
 m - a +6 ring of strength (left hand)
 q - a ring of see invisible (right hand)
Scrolls
 b - 3 scrolls of identify
 p - a scroll of noise {unknown}
Potions
 a - a potion of lignification {unknown}
 c - a potion of haste
 d - a potion of might
 e - a potion of cancellation
 f - 3 potions of curing
 h - a potion of mutation
 j - a potion of invisibility {unknown}
 k - 2 potions of enlightenment {unknown}
 n - 2 potions of resistance {unknown}

Dungeon Overview and Level Annotations

Branches:
Dungeon (9/15)             Temple (0/1) D:4             Orc (0/2) D:9
  Sewer (visited)
   Lair: D:8-11

Altars:
Elyvilon
Nemelex Xobeh
Okawaru
Ru
Sif Muna
Trog
Uskayaw
Vehumet
Xom
Yredelemnul
Zin

Shops:
D:1 [   D:3 *   D:9 :

Annotations:
D:3 3 runed translucent doors, qw's ghost, amateur MiHs
D:5 1 runed translucent door, qw's ghost, amateur GrHs
D:6 1 runed translucent door, qw's ghost, novice MiHs
D:8 2 transporters, qw's ghost, novice DEHu


Message History

The injured rakshasa weaves a defensive illusion!
The rakshasa hits you with a +0 trident!
You shoot a bolt. The bolt hits the rakshasa.
The bolt freezes the rakshasa.
The rakshasa is almost dead.
The rakshasa blinks!
The rakshasa hits you with a +0 trident!
6816 ||| INVOKING Heroism.
You gain the combat prowess of a mighty hero.
The rakshasa hits you from afar with a +0 trident.
The rakshasa blinks!
The rakshasa gestures at you. The lance of force hits you!
You are knocked back by the lance of force.
You slam into the rock wall!
You shoot a bolt.
The bolt hits the rakshasa but does no damage.
The rakshasa is almost dead.
The rakshasa blinks! x2
You shoot a bolt. The bolt hits the rakshasa!!
The bolt freezes the rakshasa.
You kill the rakshasa!
The rakshasa shimmers and vanishes!
You shoot a bolt.
The bolt completely misses the rakshasa.
The rakshasa closely misses you.
You shoot a bolt. The bolt hits the rakshasa!
The bolt freezes the rakshasa.
You kill the rakshasa!
The rakshasa shimmers and vanishes!
You start resting.
A rakshasa is nearby!
You shoot a bolt.
The bolt completely misses the rakshasa.
The rakshasa hits you with a +0 trident!
You shoot a bolt. The bolt closely misses the rakshasa.
The rakshasa misses you.
You shoot a bolt.
The bolt hits the rakshasa but does no damage.
The rakshasa is severely wounded.
The rakshasa gestures at you. The lance of force hits you!!
You die...

#.7~~~7P~7.................
###..7~777~.............##...
#.........#####.........##...
##........# ####.............
###..#...## ..##.......#....
##....##. #.#......##....
#.....##. #.'.....###.###
##..####R###.#.......###..
####..##@..##.....#..#...
#...######...###......
###..###.>....###.......
###.....)......##.........
#......))......)).........
##....PPPP..P.P..._..P.P..
###...................%..
##.......#.......#......
##.....#..........#......


You could see a rakshasa.

Vanquished Creatures
  A two-headed ogre (D:8)
  Maurice (D:9)
  Maggie (D:8)
  Prince Ribbit (D:9)
  A wyvern (D:9)
  3 steam dragons
  Menkaure (D:4)
  An acid dragon (D:9)
  2 water moccasins
  3 ice beasts
  A sky beast (D:7)
  4 orc warriors
  3 ogres
  2 centaurs
  A phantom (D:6)
  A kobold brigand (D:6)
  4 bullfrogs
  3 scorpions
  16 wights
  An electric eel (D:9)
  A howler monkey (D:5)
  3 hounds
  6 jellies
  3 orc priests
  3 sleepcaps
  Jessica (D:2)
  Ijyb (D:3)
  2 iguanas
  11 orc wizards
  7 adders
  A river rat (Sewer)
  A shadow imp (D:6)
  2 ufetubi
  4 worms
  4 dart slugs
  23 orcs
  6 bats
  20 endoplasms
  7 giant cockroaches
  9 goblins
  3 hobgoblins
  2 jackals (D:1)
  6 kobolds
  7 quokkas
  15 ball pythons
  9 frilled lizards
  6 rats
  A spectral orc (D:9)
215 creatures vanquished.

Notes
Turn   | Place    | Note
-------+----------+-------------------------------------------
     0 | D:1      | qw the Minotaur Hexslinger began the quest for the Orb.
     0 | D:1      | Reached XP level 1. HP: 16/16 MP: 1/1
     0 | D:1      | 0 ||| qw: Version: 0.3-a-46-gb1f654a
     0 | D:1      | 0 ||| qw: Game counter: 2207
     0 | D:1      | 0 ||| qw: Melee chars always use a shield: true
     0 | D:1      | 0 ||| qw: God list: Okawaru
     0 | D:1      | 0 ||| qw: Allow faded altars: false
     0 | D:1      | 0 ||| qw: Do Orc after clearing Dungeon:15 true
     0 | D:1      | 0 ||| qw: Do second Lair branch before Depths: true
     0 | D:1      | 0 ||| qw: Lair rune preference: random
     0 | D:1      | 0 ||| qw: Goals: Normal
     0 | D:1      | 0 ||| PLANNING D:1-11
   260 | D:1      | Reached skill level 3 in Ranged Weapons
   260 | D:1      | Reached XP level 2. HP: 23/23 MP: 2/2
   312 | D:1      | Found Wenkaror's Antique Armour Shop.
   321 | D:1      | 321 ||| SHOPLISTING glowing leather armour (140 gold, have
                  | 28).
   321 | D:1      | 321 ||| SHOPLISTING glowing robe (103 gold, have 28).
   321 | D:1      | 321 ||| SHOPLISTING pair of gloves (126 gold, have 28).
   321 | D:1      | 321 ||| SHOPLISTING ring mail (112 gold, have 28).
   440 | D:1      | Found a faded altar of an unknown god.
   758 | D:1      | 758 ||| READING 3 scrolls labelled ODALO QUITAZEEZ.
   761 | D:1      | 761 ||| READING scroll labelled VIAJURCHU XILI.
   762 | D:1      | 762 ||| DROPPING scroll of poison.
   795 | D:2      | Reached XP level 3. HP: 29/29 MP: 3/3
   874 | D:2      | Reached skill level 4 in Ranged Weapons
   906 | D:2      | Noticed Jessica
   914 | D:2      | Killed Jessica
   915 | D:2      | Reached XP level 4. HP: 17/36 MP: 4/4
  1129 | D:2      | Reached skill level 5 in Ranged Weapons
  1361 | D:2      | 1361 ||| UPGRADING to +0 leather armour.
  1371 | D:2      | 1371 ||| DROPPING +0 robe.
  1372 | D:2      | 1372 ||| UPGRADING to +0 ring mail.
  1382 | D:2      | 1382 ||| DROPPING +0 leather armour.
  1383 | D:2      | 1383 ||| UPGRADING to +6 ring of strength.
  1384 | D:2      | 1384 ||| READING scroll labelled GAAPEZX AFISK.
  1384 | D:2      | Identified a scroll of acquirement
  1384 | D:2      | 1384 ||| ACQUIRING +2 orcbow of draining
  1384 | D:2      | Acquired a +2 orcbow of draining
  1386 | D:2      | 1386 ||| SWAPPING to +2 orcbow of draining.
  1387 | D:2      | 1387 ||| DROPPING +1 sling.
  1388 | D:2      | 1388 ||| READING 2 scrolls labelled VUGOEWNOADU.
  1389 | D:2      | 1389 ||| READING scroll labelled FIPPEHI TYIPA.
  1390 | D:2      | 1390 ||| READING scroll labelled DESIGE LEON.
  1391 | D:2      | 1391 ||| READING scroll labelled JEFEAKOREWNE.
  1416 | D:3      | 1416 ||| PLANNING SEWER
  1502 | D:3      | Found a glowing drain.
  1528 | Sewer    | Entered a sewer
  1567 | Sewer    | Reached skill level 3 in Fighting
  1567 | Sewer    | Reached XP level 5. HP: 34/45 MP: 5/5
  1636 | Sewer    | 1636 ||| Stepping ~*~*~tactically~*~*~ (water).
  1655 | Sewer    | 1655 ||| Stepping ~*~*~tactically~*~*~ (water).
  1658 | Sewer    | Reached skill level 1 in Armour
  1725 | Sewer    | 1725 ||| Stepping ~*~*~tactically~*~*~ (water).
  1728 | Sewer    | 1728 ||| Stepping ~*~*~tactically~*~*~ (water).
  1746 | Sewer    | 1746 ||| Stepping ~*~*~tactically~*~*~ (water).
  1771 | Sewer    | Reached skill level 6 in Ranged Weapons
  1805 | Sewer    | Found a viscous altar of Jiyva.
  1828 | Sewer    | Reached XP level 6. HP: 51/51 MP: 6/6
  1867 | Sewer    | 1867 ||| DRINKING 2 emerald potions.
  1868 | Sewer    | 1868 ||| DRINKING 2 murky orange potions.
  1882 | D:3      | 1882 ||| PLANNING D:1-11
  1963 | D:3      | Found a runed translucent gate.
  1963 | D:3      | Found a runed translucent gate.
  1963 | D:3      | Noticed qw's ghost (amateur MiHs)
  1964 | D:3      | Found a runed translucent gate.
  1998 | D:3      | Noticed Ijyb
  2000 | D:3      | Paralysed by Ijyb for 3 turns
  2007 | D:3      | Killed Ijyb
  2071 | D:3      | Found Oloe's Assorted Antiques.
  2153 | D:3      | 2153 ||| SHOPLISTING glowing fluorescent wand (92 gold,
                  | have 91).
  2153 | D:3      | 2153 ||| BUYING metallic coppery potion (20 gold).
  2153 | D:3      | Bought a metallic coppery potion for 20 gold pieces
  2466 | D:3      | Found an iron altar of Okawaru.
  2467 | D:3      | 2467 ||| PLANNING OKAWARU WORSHIP
  2468 | D:3      | 2468 ||| UPGRADING to amulet of regeneration.
  2473 | D:3      | 2473 ||| READING 2 scrolls labelled YCIN HEISUEKK.
  2474 | D:3      | 2474 ||| DROPPING scroll of summoning.
  2482 | D:3      | Became a worshipper of Warmaster Okawaru
  2483 | D:3      | 2483 ||| PLANNING D:1-11
  2650 | D:4      | Found a shimmering altar of Xom.
  2891 | D:4      | Noticed Menkaure
  2899 | D:4      | Killed Menkaure
  2900 | D:4      | Reached skill level 7 in Ranged Weapons
  2900 | D:4      | Reached XP level 7. HP: 50/59 MP: 7/7
  2943 | D:4      | Found a staircase to the Ecumenical Temple.
  2949 | D:4      | 2949 ||| DROPPING ring of wizardry.
  3105 | D:4      | 3105 ||| READING scroll labelled UFREQE FESAV.
  3106 | D:4      | 3106 ||| DRINKING 2 lumpy brown potions.
  3107 | D:4      | 3107 ||| READING 2 scrolls of identify.
  3107 | D:4      | 3107 ||| IDENTIFYING metallic purple potion
  3108 | D:4      | 3108 ||| DROPPING potion of brilliance.
  3109 | D:4      | 3109 ||| DROPPING potion of attraction.
  3133 | D:5      | Entered Level 5 of the Dungeon
  3162 | D:5      | 3162 ||| FLEEEEING.
  3164 | D:5      | 3164 ||| STAIRDANCE
  3188 | D:5      | 3188 ||| STAIRDANCE
  3191 | D:4      | Reached skill level 8 in Ranged Weapons
  3226 | D:5      | Reached * piety under Okawaru
  3263 | D:5      | Reached skill level 1 in Invocations
  3364 | D:5      | 3364 ||| INVOKING Heroism.
  3373 | D:5      | Reached XP level 8. HP: 21/68 MP: 5/8
  3375 | D:5      | HP: 17/68 [poisoned by a scorpion]
  3380 | D:5      | HP: 16/68 [poisoned by a scorpion]
  3519 | D:5      | 3519 ||| INVOKING Heroism.
  3522 | D:5      | Reached skill level 3 in Invocations
  3545 | D:5      | Found a runed translucent door.
  3546 | D:5      | Noticed qw's ghost (amateur GrHs)
  3557 | D:5      | 3557 ||| INVOKING Heroism.
  3560 | D:5      | Reached skill level 3 in Dodging
  3594 | D:5      | 3594 ||| Stepping ~*~*~tactically~*~*~ (outnumbered).
  3596 | D:5      | 3596 ||| Stepping ~*~*~tactically~*~*~ (outnumbered).
  3598 | D:5      | 3598 ||| Stepping ~*~*~tactically~*~*~ (outnumbered).
  3700 | D:5      | Reached skill level 9 in Ranged Weapons
  3769 | D:5      | 3769 ||| DRINKING 3 dark potions.
  3770 | D:5      | 3770 ||| DRINKING 2 orange potions.
  3771 | D:5      | 3771 ||| READING 2 scrolls of identify.
  3771 | D:5      | 3771 ||| IDENTIFYING bubbling puce potion
  3942 | D:6      | 3942 ||| INVOKING Heroism.
  3946 | D:6      | Reached skill level 6 in Fighting
  4051 | D:6      | Found a runed translucent door.
  4423 | D:6      | Noticed qw's ghost (novice MiHs)
  4598 | D:6      | 4598 ||| READING 2 scrolls of identify.
  4598 | D:6      | 4598 ||| IDENTIFYING grey potion
  4599 | D:6      | 4599 ||| DROPPING potion of berserk rage.
  4786 | D:7      | Found a sacrificial altar of Ru.
  4817 | D:7      | Reached skill level 10 in Ranged Weapons
  4838 | D:7      | Reached XP level 9. HP: 78/78 MP: 11/11
  4840 | D:7      | 4840 ||| INVOKING Heroism.
  4950 | D:7      | 4950 ||| INVOKING Heroism.
  5279 | D:7      | Found a glowing silver altar of Zin.
  5363 | D:7      | 5363 ||| UPGRADING to +0 pair of boots.
  5379 | D:8      | 5379 ||| DRINKING 3 potions of curing.
  5379 | D:8      | 5379 ||| (to cure confusion)
  5404 | D:8      | Found a transporter.
  5404 | D:8      | Noticed a purple ugly thing
  5407 | D:8      | Noticed qw's ghost (novice DEHu)
  5408 | D:8      | Noticed a troll
  5563 | D:8      | Noticed Maggie
  5573 | D:8      | 5573 ||| INVOKING Heroism.
  5576 | D:8      | Killed Maggie
  5576 | D:8      | Reached ** piety under Okawaru
  5577 | D:8      | Reached skill level 11 in Ranged Weapons
  5631 | D:8      | 5631 ||| Stepping ~*~*~tactically~*~*~ (cloud).
  5633 | D:8      | 5633 ||| INVOKING Heroism.
  5641 | D:8      | HP: 18/79 [steam dragon] (3)]
  5642 | D:8      | 5642 ||| READING 5 scrolls of teleportation.
  5643 | D:8      | 5643 ||| DRINKING potion of heal wounds.
  5645 | D:8      | Reached skill level 3 in Armour
  5689 | D:8      | Found a transporter.
  5709 | D:8      | 5709 ||| INVOKING Heroism.
  5729 | D:8      | Found a shimmering blue altar of Sif Muna.
  5762 | D:8      | 5762 ||| INVOKING Heroism.
  5782 | D:8      | Reached skill level 12 in Ranged Weapons
  5840 | D:8      | Found a white marble altar of Elyvilon.
  5862 | D:8      | Noticed a two-headed ogre
  5863 | D:8      | 5863 ||| INVOKING Heroism.
  5870 | D:8      | Killed a two-headed ogre
  5871 | D:8      | Reached skill level 6 in Dodging
  5871 | D:8      | Reached XP level 10. HP: 81/86 MP: 9/12
  6037 | D:8      | 6037 ||| UPGRADING to +0 swamp dragon scales.
  6047 | D:8      | 6047 ||| DROPPING +0 ring mail.
  6048 | D:8      | 6048 ||| UPGRADING to ring of see invisible.
  6049 | D:8      | 6049 ||| READING 2 scrolls of identify.
  6049 | D:8      | 6049 ||| IDENTIFYING brown potion
  6092 | D:9      | Found a radiant altar of Vehumet.
  6152 | D:9      | Found a sparkling altar of Nemelex Xobeh.
  6202 | D:9      | Noticed Prince Ribbit
  6220 | D:9      | Killed Prince Ribbit
  6245 | D:9      | Noticed Maurice
  6263 | D:9      | Killed Maurice
  6264 | D:9      | 6264 ||| INVOKING Heroism.
  6272 | D:9      | HP: 20/82 [orc/+0 whip (3)]
  6273 | D:9      | 6273 ||| READING 4 scrolls of teleportation.
  6278 | D:9      | 6278 ||| FLEEEEING.
  6278 | D:9      | Found a bloodstained altar of Trog.
  6279 | D:9      | 6279 ||| READING 3 scrolls of teleportation.
  6283 | D:9      | HP: 13/85 [centaur/arrow (7)]
  6284 | D:9      | 6284 ||| READING 2 scrolls of teleportation.
  6285 | D:9      | 6285 ||| INVOKING Heroism.
  6290 | D:9      | 6290 ||| READING scroll of teleportation.
  6299 | D:9      | Reached skill level 13 in Ranged Weapons
  6373 | D:9      | Found Feciad's Book Emporium.
  6381 | D:9      | Noticed a +0 dagger
  6382 | D:9      | Noticed a +0 dagger
  6383 | D:9      | Noticed a +0 short sword
  6385 | D:9      | Noticed a +0 falchion
  6385 | D:9      | Noticed a +0 spear
  6385 | D:9      | Noticed a +0 short sword
  6386 | D:9      | Noticed a +0 spear
  6387 | D:9      | Noticed a +0 falchion
  6394 | D:9      | Found a hide-covered altar of Uskayaw.
  6461 | D:9      | Found a basalt altar of Yredelemnul.
  6597 | D:9      | Found a staircase to the Orcish Mines.
  6627 | D:9      | 6627 ||| INVOKING Heroism.
  6662 | D:9      | 6662 ||| Stepping ~*~*~tactically~*~*~ (outnumbered).
  6663 | D:9      | 6663 ||| Stepping ~*~*~tactically~*~*~ (outnumbered).
  6664 | D:9      | 6664 ||| INVOKING Heroism.
  6665 | D:9      | 6665 ||| Stepping ~*~*~tactically~*~*~ (outnumbered).
  6699 | D:9      | 6699 ||| SWAPPING to +2 arbalest of freezing.
  6700 | D:9      | 6700 ||| DROPPING +0 arbalest.
  6701 | D:9      | 6701 ||| DROPPING +2 orcbow of draining.
  6742 | D:9      | 6742 ||| Stepping ~*~*~tactically~*~*~ (water).
  6743 | D:9      | 6743 ||| INVOKING Heroism.
  6749 | D:9      | Reached skill level 9 in Fighting
  6811 | D:9      | Noticed a rakshasa
  6816 | D:9      | 6816 ||| INVOKING Heroism.
  6822 | D:9      | HP: 17/91 [rakshasa/+0 trident (16)]
  6824 | D:9      | Killed from afar by a rakshasa

Levels and vault maps discovered:
D:1:      minmay_arrival_widening_spiral_narrow, layout_rooms, serial_shops,
          shop, nicolae_ecumenical_snake_handling, serial_bayou_lake_a
D:2:      layout_basic, minmay_pentomino_u4, uniq_jessica
D:3:      layout_loops_cross, kennysheep_okawaru_gauntlet,
          ebering_ghost_rock_garden, cheibrodos_sewer_entry_bend, serial_shops,
          shop, minmay_crystal_water, palyth_stone_intersect, uniq_ijyb
D:4:      layout_cave_pools, xom_butterflies, minmay_temple_entry_stoned_glass,
          uniq_menkaure
D:5:      layout_rooms, gammafunk_ghost_grave, grunt_decor_fettered
D:6:      layout_cave_pods, ebering_ghost_reflecting_pool, feat_on_display
D:7:      layout_basic, nicolae_ru_awakened_eye, mainiacjoe_overflow_alcove_2,
          hex_large, minmay_stone_trees_small, st_stairs_11,
          minmay_increasing_density
D:8:      layout_loops_ring, mainiacjoe_overflow_chevrons, kennysheep_mini,
          gammafunk_ghost_arena, uniq_maggie
D:9:      layout_cave_pools, nicolae_uskayaw_en_pointe,
          yredelemnul_forgotten_temple_becter, fiery_altar_vehumet,
          mainiacjoe_overflow_boulevard, bloody_trog,
          minmay_orc_entry_temple_small, serial_shops, nicolae_stop_n_shop_1,
          minivault_16, serial_bayou_ford_a, minmay_misc_feat_diagonals,
          kennysheep_just_a_vault, uniq_maurice, uniq_prince_ribbit1

Skill      XL: |  1  2  3  4  5  6  7  8  9 10 |
---------------+-------------------------------+-----
Ranged Weapons | 3 4 5 6 7 8 10 12 13 | 13.0
Fighting       | 2 3 4 5 6 7 9 |  9.0
Armour         | 1 2 3 4 |  4.1
Invocations    | 2 4 |  4.0
Dodging        | 3 6 |  6.3
Spellcasting   | |  1.0
Hexes          | |  2.0

Action                     |  1- 3 |  4- 6 |  7- 9 | 10-12 || total
---------------------------+-------+-------+-------+-------++-------
   Fire: Sling             |    95 |    27 |       |       ||   122
         Orcbow            |       |   191 |   293 |   122 ||   606
         Arbalest          |       |       |       |    16 ||    16
 Invoke: Heroism           |       |       |    11 |     6 ||    17
    Use: Scroll            |     2 |     6 |     5 |     5 ||    18
         Potion            |       |     2 |     5 |       ||     7
 Armour: Robe              |     3 |     3 |       |       ||     6
         Ring mail         |       |    43 |    39 |       ||    82
         Swamp dragon scal |       |       |       |    12 ||    12
  Dodge: Dodged            |    22 |    59 |   104 |    62 ||   247

Table legend:
 A = Non-vault XP
 B = Vault XP
 C = Vault XP percentage of total XP
 D = Non-vault monster count
 E = Vault monster count
 F = Vault count percentage of total count
                 A         B        C        D         E       F
            +---------+---------+-------+---------+---------+-------
      Total |    5609 |    3009 |  34.9 |     143 |      72 |  33.5
            +---------+---------+-------+---------+---------+-------
        D:1 |      34 |       5 |  12.8 |      18 |       4 |  18.2
        D:2 |      61 |      67 |  52.3 |      18 |       5 |  21.7
        D:3 |      51 |      50 |  49.5 |      18 |       5 |  21.7
        D:4 |     218 |     172 |  44.1 |      15 |       1 |   6.2
        D:5 |     893 |       0 |   0.0 |      19 |       0 |   0.0
        D:6 |     595 |       0 |   0.0 |      11 |       0 |   0.0
        D:7 |     399 |     909 |  69.5 |       4 |      11 |  73.3
        D:8 |    1618 |     370 |  18.6 |      18 |       1 |   5.3
        D:9 |    1740 |    1193 |  40.7 |      22 |      13 |  37.1
      Sewer |       0 |     243 | 100.0 |       0 |      32 | 100.0
            +---------+---------+-------+---------+---------+-------
